 Dungeon Crawl Stone Soup version 0.21-a0-94-gdd6ab6a (webtiles) character file.

395 zhorgal the Chopper (level 6, -8/55 HPs)
             Began as a Hill Orc Fighter on July 1, 2017.
             Killed by nerve-wracking pain
             ... invoked by a shadow imp
              (12 damage)
             ... on level 5 of the Dungeon.
             The game lasted 00:39:26 (4413 turns).

zhorgal the Chopper (Hill Orc Fighter)              Turns: 4413, Time: 00:39:27

Health: -8/55      AC: 11    Str: 26    XL:     6   Next: 82%
Magic:  7/7        EV:  4    Int:  8    God:
Gold:   249        SH:  9    Dex: 10    Spells: 5/5 levels left

rFire    + . .     SeeInvis +   a - +0 war axe
rCold    . . .     Gourm    .   c - +0 shield
rNeg     . . .     Faith    .   y - +0 plate armour
rPois    .         Spirit   .   (no helmet)
rElec    .         Reflect  .   (no cloak)
rCorr    .         Harm     .   (no gloves)
MR       .....                  (no boots)
Stlth    ..........             (no amulet)
HPRegen  0.18/turn              p - ring of see invisible
MPRegen  0.10/turn              q - ring of protection from fire

@: mighty
A: no striking features
a: no special abilities


You were on level 5 of the Dungeon.
You were not hungry.

You visited 1 branch of the dungeon, and saw 5 of its levels.

You collected 249 gold pieces.

Inventory:

Hand Weapons
 a - a +0 war axe (weapon)
Missiles
 i - 9 tomahawks (quivered)
Armour
 c - a +0 shield (worn)
 h - a +0 chain mail
 s - a +2 ring mail of cold resistance
 y - a +0 plate armour (worn)
Jewellery
 p - a ring of see invisible (left hand)
 q - a ring of protection from fire (right hand)
Wands
 j - a wand of polymorph (15/24)
 w - a wand of scattershot (2/9)
 z - a wand of lightning (13/15)
Scrolls
 b - 3 scrolls of remove curse {unknown}
 k - 4 scrolls of teleportation {unknown}
 l - a scroll of identify
 n - a scroll of enchant weapon {unknown}
 t - a scroll of fog {unknown}
 v - a scroll of recharging {unknown}
Potions
 e - a potion of lignification {unknown}
 m - a potion of brilliance {unknown}
 o - a potion of ambrosia {unknown}
Comestibles
 f - 2 bread rations
 g - a royal jelly
 r - 8 chunks of flesh
 x - a meat ration


   Skills:
 + Level 4.8 Fighting
 * Level 7.5 Axes
 + Level 4.0 Armour
 - Level 3.2 Shields
 + Level 1.9 Evocations


You had 5 spell levels left.
You didn't know any spells.

Dungeon Overview and Level Annotations

Branches:
Dungeon (5/15)
 Temple: D:4-7

Altars:
Cheibriados
Elyvilon
Fedhas
Nemelex Xobeh
Qazlal
The Shining One

Annotations:
D:5 murphy's ghost, amateur MiBe


Message History

Murphy's ghost hits you!
* * * LOW HITPOINT WARNING * * *
The shadow imp sputters.
The shadow imp hits you but does no damage.
You take 10 damage, and have 16/55 hp.
You hit murphy's ghost. You closely miss the shadow imp.
Murphy's ghost screams in joy, "As in life, so in death: Kill!
Kill!!
Kill!!!"
Murphy's ghost hits you but does no damage.
You block the shadow imp's attack.
You slash murphy's ghost! You closely miss the shadow imp.
You block murphy's ghost's attack. You block the shadow imp's attack.
You barely miss murphy's ghost.
Your shield prevents you from hitting the shadow imp.
Murphy's ghost hits you.
* * * LOW HITPOINT WARNING * * *
The shadow imp barely misses you. Murphy's ghost hits you!
* * * LOW HITPOINT WARNING * * *
The shadow imp gestures at you. Pain shoots through your body!
You die...

..........................##.....
#.##.####.........#..###..# ....
.....# #...#######.......# ...
#.#### #...# #...>......# ##
..... #...# #>##.#...#.#
#.##.####...# #.##.....#.# ..# #
...... #.####..##.# ### #....
#.####..# .. #.#.###@W...#.##.. .
#....o5)........>.. ##
#.#..####...#..#... # #..#
#....#.# ... # ..... ##.#.#.# ..
....#.## #.....# # ####.#.#
###.### ....# .# #. ###


You could see murphy's ghost, a shadow imp and an orc.

Vanquished Creatures
  A centaur (D:4)
  An orc wizard (D:5)
  Natasha (thrice) (D:3)
  10 adders
  2 oozes
  3 worms
  A dart slug (D:2)
  A leopard gecko (D:2)
  14 orcs
  10 bats
  A giant cockroach (D:3)
  15 goblins
  13 hobgoblins
  2 quokkas
  A ball python (D:2)
  6 frilled lizards
  7 kobolds
  4 rats
95 creatures vanquished.

Vanquished Creatures (others)
  Jessica (D:2)
  A quokka (D:2)
  2 hobgoblins (D:2)
4 creatures vanquished.

Grand Total: 99 creatures vanquished

Notes
Turn   | Place    | Note
-------+----------+-------------------------------------------
     0 | D:1      | zhorgal the Hill Orc Fighter began the quest for the Orb.
     0 | D:1      | Reached XP level 1. HP: 19/19 MP: 1/1
    38 | D:1      | Reached skill level 3 in Axes
   139 | D:1      | Reached XP level 2. HP: 26/26 MP: 2/2
   171 | D:1      | Reached skill level 4 in Axes
   426 | D:2      | Reached XP level 3. HP: 31/31 MP: 3/3
   509 | D:2      | Killed Jessica
   533 | D:2      | Found a sparkling altar of Nemelex Xobeh.
   715 | D:2      | Reached skill level 5 in Axes
   888 | D:2      | Reached XP level 4. HP: 40/40 MP: 4/4
  1259 | D:2      | Reached skill level 6 in Axes
  1512 | D:2      | Reached XP level 5. HP: 40/46 MP: 5/5
  1609 | D:2      | Found a white marble altar of Elyvilon.
  1688 | D:2      | Found a glowing golden altar of the Shining One.
  1926 | D:3      | Noticed Natasha
  1940 | D:3      | Killed Natasha
  1940 | D:3      | Reached skill level 1 in Evocations
  2015 | D:3      | Found a stormy altar of Qazlal.
  2015 | D:3      | Noticed a fire elemental
  2132 | D:3      | Found a snail-covered altar of Cheibriados.
  2189 | D:3      | Noticed an air elemental
  2189 | D:3      | Noticed a water elemental
  2213 | D:3      | Noticed Natasha
  2224 | D:3      | Killed Natasha
  2248 | D:3      | Noticed Natasha
  2512 | D:3      | Reached XP level 6. HP: 53/53 MP: 6/6
  2728 | D:3      | Killed Natasha
  2728 | D:3      | Reached skill level 7 in Axes
  3274 | D:4      | Found a blossoming altar of Fedhas.
  3286 | D:5      | Entered Level 5 of the Dungeon
  4398 | D:5      | Noticed murphy's ghost (amateur MiBe)
  4407 | D:5      | HP: 2/55 [murphy's ghost (6)]
  4413 | D:5      | Killed from afar by a shadow imp

Vault maps used:
D:1:      eino_arrival_druids_welcome
D:2:      cheibrodos_greedy_goblins, tso_oasis_becter,
          nemelex_xobeh_ov_fountains_minmay, elyvilon_altar_4, uniq_jessica
D:3:      marbit_many_paths, nicolae_qazlal_style_of_elements, uniq_natasha
D:4:      fedhas_bush_and_centaur_altar
D:5:      serial_shops, kennysheep_mini, first_bread, minmay_misc_feat_columns,
          uniq_duvessa

Skill      XL: |  1  2  3  4  5  6 |
---------------+-------------------+-----
Axes           | 3 4 5 6 7 |  7.5
Fighting       | 4 |  4.8
Evocations     | 1 |  1.9
Armour         | 4 |  4.0
Shields        | |  3.2

Action                   |  1- 3 |  4- 6 || total
-------------------------+-------+-------++-------
Melee: War axe           |    98 |   259 ||   357
  Use: Scroll            |     1 |     1 ||     2
       Potion            |       |     3 ||     3
  Eat: Chunk             |       |    12 ||    12
Armor: Scale mail        |     3 |       ||     3
       Chain mail        |    55 |    93 ||   148
       Plate armour      |       |    20 ||    20
Dodge: Dodged            |    27 |    69 ||    96
Block: Shield            |    48 |   126 ||   174
